cohdb
Replays
Latest Replays
All Replays
Popular Replays
Top Player Replays
Match Explorer
How It Works
Community
CoH3 Stats
Reddit
Sign in to upload your games and track your stats! →
Sign in with Steam
Match 44296965
Unlisted
Match 44296965
Overview
Messages
Build Orders
End
Engineer Squad
Construct Barracks
Selects Armored Battlegroup
Selects Veteran Crews
1⁄4-ton 4x4 Truck
Riflemen Squad
Riflemen Squad
Riflemen Squad
Infantry Support Center
Construct Medical Station
Construct Weapon Support Center
M3 Armored Personnel Carrier
Grenade Package
Selects Strength in Steel
Selects Seek and Destroy
Riflemen Squad
M1918 Browning Automatic Rifles
Legionary
MscIAc
0
0
Comments
sign in to comment!
No comments posted yet!